 Dungeon Crawl Stone Soup version 0.22-a0-539-gfbd9004e3f (webtiles) character file.

48 JackS81 the Cudgeler (level 3, -1/29 HPs)
             Began as a Demonspawn Monk on June 24, 2018.
             Slain by Sigmund
             ... wielding a +0 scythe
              (7 damage)
             ... on level 2 of the Dungeon.
             The game lasted 00:04:48 (1598 turns).

JackS81 the Cudgeler (Demonspawn Monk)              Turns: 1598, Time: 00:04:49

Health: -1/29      AC:  4    Str: 16    XL:     3   Next: 50%
Magic:  3/3        EV: 13    Int: 11    God:
Gold:   11         SH:  0    Dex: 16    Spells: 2/2 levels left

rFire    . . .     SeeInvis .   d - +0 whip
rCold    + . .     Gourm    .   (no shield)
rNeg     . . .     Faith    +   b - +0 robe
rPois    .         Spirit   .   g - +2 hat
rElec    .         Reflect  .   (no cloak)
rCorr    .         Harm     .   (no gloves)
MR       .....                  (no boots)
Stlth    ++........             i - amulet of faith
HPRegen  0.09/turn              (no ring)
MPRegen  0.08/turn              (no ring)

@: mighty
A: cold resistance 1
a: no special abilities


You were on level 2 of the Dungeon.
You were not hungry.

You visited 1 branch of the dungeon, and saw 2 of its levels.

You collected 11 gold pieces.

Inventory:

Hand Weapons
 a - a +0 mace
 d - a +0 whip (weapon)
Armour
 b - a +0 robe (worn)
 g - a +2 hat (worn)
Jewellery
 i - an amulet of faith (around neck)
Scrolls
 e - 2 scrolls of amnesia {unknown}
 h - 2 scrolls of identify {unknown}
Comestibles
 c - 3 rations


   Skills:
 + Level 3.0 Fighting
 * Level 4.1 Maces & Flails
 + Level 2.7 Dodging
 - Level 1.7 Stealth


You had 2 spell levels left.
You didn't know any spells.
Your spell library was empty.

Dungeon Overview and Level Annotations

Branches:
Dungeon (2/15)

Altars:

Annotations:
D:2 Sigmund


Innate Abilities, Weirdness & Mutations

Your flesh is cold resistant. (rC+)


Message History

Your +2 hat unmelds from your body.
Your +0 robe unmelds from your body.
Something hits you!
Sigmund appears from thin air!
Reactivating autopickup.
Sigmund points at you and mumbles some strange words.
The puff of flame hits you!
* * * LOW HITPOINT WARNING * * *
You whack Sigmund!
Sigmund is moderately wounded.
Sigmund barely misses you.
You closely miss Sigmund.
Sigmund is moderately wounded.
You aren't carrying any potions.
You closely miss Sigmund.
Sigmund is moderately wounded.
Sigmund misses you.
You closely miss Sigmund.
Sigmund is moderately wounded.
Sigmund hits you with a scythe!
You die...

#.....#
#.##.#.#
#)....#
#......#
#######
#####.###
#...#.#
#.....#
#...###
##.##
##^.###.#
......@@#
##..#####
#


You could see Sigmund.

Vanquished Creatures
  An adder (D:2)
  A worm (D:2)
  A dart slug (D:1)
  2 leopard geckos (D:1)
  A ball python (D:1)
  7 bats
  3 goblins (D:1)
  4 hobgoblins
  5 kobolds
  A quokka (D:2)
  2 frilled lizards (D:2)
  3 rats
31 creatures vanquished.

Notes
Turn   | Place    | Note
-------+----------+-------------------------------------------
     0 | D:1      | JackS81 the Demonspawn Monk began the quest for the Orb.
     0 | D:1      | Reached XP level 1. HP: 18/18 MP: 1/1
    34 | D:1      | Reached skill level 3 in Maces & Flails
   221 | D:1      | Gained mutation: Your flesh is cold resistant. (rC+) [demonic ancestry]
   221 | D:1      | Reached XP level 2. HP: 23/24 MP: 2/2
   954 | D:2      | Reached XP level 3. HP: 19/29 MP: 3/3
  1398 | D:2      | Reached skill level 4 in Maces & Flails
  1557 | D:2      | Noticed Sigmund
  1598 | D:2      | Slain by Sigmund

Vault maps used:
D:1:      dpeg_arrival_tiny_g
D:2:      uniq_sigmund

Skill      XL: |  1  2  3 |
---------------+----------+-----
Maces & Flails | 3 4 |  4.1
Fighting       | |  3.0
Dodging        | |  2.7
Stealth        | |  1.7

Action                   || total
-------------------------++-------
Melee: Mace              ||    13
       Whip              ||   123
  Use: Potion            ||     4
 Stab: Sleeping          ||     2
  Eat: Chunk             ||     2
Armor: Robe              ||    41
       Skin              ||    11
Dodge: Dodged            ||   101

Table legend:
 A = Spawn XP
 B = Non-spawn XP
 C = Spawn XP percentage of total XP
 D = Spawn monster count
 E = Non-spawn monster count
 F = Spawn count percentage of total count
 G = Total turns spent on level
                    A         B        C        D         E        F      G
               +---------+---------+-------+---------+---------+-------+---------
         Total |       0 |      69 |   0.0 |       0 |      31 |   0.0 |  1598
               +---------+---------+-------+---------+---------+-------+---------
           D:1 |       0 |      39 |   0.0 |       0 |      20 |   0.0 |   872
           D:2 |       0 |      30 |   0.0 |       0 |      11 |   0.0 |   726
               +---------+---------+-------+---------+---------+-------+---------
